 Dungeon Crawl Stone Soup version 0.29.1-13-g9f3cf754e1 (webtiles) character file.

Game seed: 17926320917676776161

321 booth the Conjurer (level 6, 0/44 HPs)
             Began as a Gnoll Wanderer on Feb 5, 2023.
             Was an Initiate of Ashenzari.
             Slain by Pikel
             ... wielding a +1 whip of freezing
              (1 damage)
             ... on level 4 of the Dungeon.
             The game lasted 00:44:41 (6378 turns).

booth the Conjurer (Gnoll Wanderer)                 Turns: 6378, Time: 00:44:42

Health: 0/44       AC: 14    Str: 12    XL:     6   Next: 46%
Magic:  9/11       EV:  9    Int: 13    God:    Ashenzari [......]
Gold:   162        SH:  0    Dex: 11    Spells: 6/12 levels left

rFire   . . .      SeeInvis .   q - +0 short sword (vamp)
rCold   . . .      Faith    .   (no shield)
rNeg    . . .      Spirit   .   v - +3 scale mail {rPois}
rPois   +          Reflect  .   u - +2 helmet
rElec   .          Harm     .   (no cloak)
rCorr   .          Rampage  .   (no gloves)
Will    +....                   o - +0 pair of boots
Stlth   ..........              (no amulet)
HPRegen 0.14/turn               s - ring "Share My Regret" {Will+, Bglg, Comp} (curse)
MPRegen 0.12/turn               (no ring)

@: no status effects
A: fangs 1, strong nose, distributed training
a: Renounce Religion, Shatter the Chains


You were on level 4 of the Dungeon.
You worshipped Ashenzari.
Ashenzari was noncommittal.
You visited 1 branch of the dungeon, and saw 4 of its levels.

You collected 162 gold pieces.

Inventory:

Hand Weapons
 f - a +0 hand axe
 m - a +2 dagger of flaming
 q - a +0 vampiric short sword (weapon)
 r - a +0 war axe
Missiles
 e - 47 stones
 w - a poisoned dart (quivered)
Armour
 l - a +3 chain mail of cold resistance
 o - a +0 pair of boots (worn)
 u - a +2 helmet (worn)
 v - a +3 scale mail of poison resistance (worn)
Jewellery
 s - the cursed ring "Share My Regret" (left hand) {Will+, Bglg, Comp}
   (You found it on level 3 of the Dungeon)

   [ring of willpower]

   Will:      It increases your willpower.
   It has a curse which improves the following skills: Beguiling: Conjurations,
   Hexes and Translocations.
   Companions: Summonings and Necromancy.
Wands
 h - a wand of flame (9)
 p - a wand of iceblast (7)
Scrolls
 b - a scroll of fog
 d - 3 scrolls of poison
 g - 2 scrolls of teleportation
 n - a scroll of enchant weapon
Potions
 a - 3 potions of flight
 c - a potion of cancellation {unknown}
 i - a potion of brilliance
 j - 2 potions of mutation
 k - a potion of resistance
 t - a potion of attraction


   Skills:
 + Level 2.0 Fighting
 + Level 2.0 Short Blades
 + Level 2.0 Long Blades
 + Level 2.0 Axes
 + Level 2.0 Maces & Flails
 + Level 2.0 Polearms
 + Level 2.0 Staves
 + Level 2.0 Ranged Weapons
 + Level 2.0 Throwing
 + Level 5.0 Armour
 + Level 3.3 Dodging
 + Level 2.0 Stealth
 + Level 2.0 Shields
 + Level 2.0 Unarmed Combat
 + Level 3.5 Spellcasting
 + Level 7.3(7.7) Conjurations
 + Level 1.6(2.0) Hexes
 + Level 1.6(2.0) Summonings
 + Level 1.6(2.0) Necromancy
 + Level 1.6(2.0) Translocations
 + Level 2.7 Transmutations
 + Level 1.6 Fire Magic
 + Level 1.6 Ice Magic
 + Level 1.6 Air Magic
 + Level 1.6 Earth Magic
 + Level 1.6 Poison Magic
 + Level 2.2 Invocations
 + Level 3.3 Evocations


You had 6 spell levels left.
You knew the following spells:

 Your Spells              Type           Power      Damage    Failure   Level
a - Magic Dart            Conj           88%        1d7       4%          1
b - Wereblood             Tmut           9%         N/A       45%         2
c - Dazzling Flash        Conj/Hex       30%        N/A       38%         3

Your spell library contained the following spells:

 Spells                   Type           Power      Damage    Failure   Level
 Passwall                 Tmut/Erth      5%         N/A       54%         2
 Blink                    Tloc           14%        N/A       56%         2
 Mephitic Cloud           Conj/Pois/Air  11%        N/A       56%         3
 Lesser Beckoning         Tloc           7%         N/A       80%         3
 Manifold Assault         Tloc           7%         N/A       100%        5


Dungeon Overview and Level Annotations

Branches:
Dungeon (4/15)
 Temple: D:4-7

Altars:
Ashenzari
Ru

Annotations:
D:4 Pikel


Innate Abilities, Weirdness & Mutations

You have very sharp teeth.
Your uncanny sense of smell can sniff out nearby items.
Your experience applies equally to all skills.


Message History

The magic dart hits Pikel.
Pikel is severely wounded.
Pikel hits you with a +1 whip of freezing.
Pikel freezes you.
You hit Pikel but do no damage.
Pikel is severely wounded.
Pikel barely misses you.
You hit Pikel but do no damage. You bite Pikel, but do no damage.
Pikel is severely wounded.
Pikel hits you but does no damage.
You barely miss Pikel.
Pikel is severely wounded.
Pikel looks more healthy.
Pikel hits you but does no damage.
Casting: Magic Dart (safe; 4% risk of failure)
Confirm with . or Enter, or press ? or * to list all spells.
Aiming: Magic Dart (safe; 4% risk of failure)
Press: ? - help, Shift-Dir - straight line, f/p - Pikel
Aim: Pikel, wielding a +1 whip of freezing and wearing a +1 robe of fire resistance (severely wounded, 100% to hit)
The magic dart hits Pikel.
Pikel is almost dead.
The lemure looks more healthy.
Pikel hits you with a +1 whip of freezing!
* * * LOW HITPOINT WARNING * * *
Pikel freezes you.
* * * LOW HITPOINT WARNING * * *
Throw: 2 darts (poison)
Press: ? - help, Q - select action, (/) - cycle Shift-Dir - straight line, f/p - Pikel
Aim: Pikel, wielding a +1 whip of freezing and wearing a +1 robe of fire resistance (almost dead, 50% to hit)
You throw a poisoned dart. The poisoned dart hits Pikel.
Pikel is poisoned.
Pikel is almost dead.
Pikel hits you with a +1 whip of freezing.
* * * LOW HITPOINT WARNING * * *
Pikel freezes you.
* * * LOW HITPOINT WARNING * * *
You hit Pikel but do no damage.
Pikel is almost dead.
Pikel hits you with a +1 whip of freezing.
* * * LOW HITPOINT WARNING * * *
Pikel freezes you.
You die...

#.........#
#.........#
###.........#
#...#######.####
#####.#.###.#
#.)..###
5K..........#
####...#
#######..##.#
###.# #.5##.####
#.######
#55K@....#
#..#....
#.########
##...... #.#
###.... #.#
#.... #.. ##...
### ∆ #[.. #...
#... ####


You could see Pikel (poisoned) and 3 lemures.

Vanquished Creatures
  A hound (D:4)
  An orc priest (D:3)
  Ijyb (D:3)
  Terence (D:3)
  Jessica (D:3)
  An iguana (D:4)
  Robin (D:3)
  3 adders
  3 worms
  2 dart slugs
  7 orcs (D:3)
  13 ball pythons
  5 bats
  9 endoplasms
  2 giant cockroaches
  16 goblins
  12 hobgoblins
  3 quokkas
  2 frilled lizards
  6 kobolds
  5 rats
95 creatures vanquished.

Vanquished Creatures (others)
  2 plants (D:1)
2 creatures vanquished.

Grand Total: 97 creatures vanquished

Notes
Turn   | Place    | Note
-------+----------+-------------------------------------------
     0 | D:1      | booth the Gnoll Wanderer began the quest for the Orb.
     0 | D:1      | booth set off with the following items: a +0 club, a scroll
                  | of fog, a +0 scale mail; and the following spell memorised:
                  | Magic Dart; and the following spells available to memorise:
                  | Wereblood, Dazzling Flash, Passwall, Mephitic Cloud.
     0 | D:1      | Reached XP level 1. HP: 13/13 MP: 4/4
   392 | D:1      | Reached XP level 2. HP: 19/19 MP: 0/5
  1204 | D:1      | Reached XP level 3. HP: 25/25 MP: 4/7
  1241 | D:1      | Learned a level 2 spell: Wereblood
  2061 | D:2      | Reached skill level 1 in Invocations
  2280 | D:2      | Reached skill level 1 in Fighting
  2280 | D:2      | Reached skill level 1 in Short Blades
  2280 | D:2      | Reached skill level 1 in Long Blades
  2280 | D:2      | Reached skill level 1 in Axes
  2280 | D:2      | Reached skill level 1 in Maces & Flails
  2280 | D:2      | Reached skill level 1 in Polearms
  2280 | D:2      | Reached skill level 1 in Staves
  2280 | D:2      | Reached skill level 1 in Ranged Weapons
  2280 | D:2      | Reached skill level 1 in Throwing
  2280 | D:2      | Reached skill level 1 in Stealth
  2280 | D:2      | Reached skill level 1 in Shields
  2280 | D:2      | Reached skill level 1 in Unarmed Combat
  2698 | D:2      | Found a faded altar of an unknown god.
  2704 | D:2      | Prayed at the altar of an unknown god.
  2704 | D:2      | Became a worshipper of Ashenzari the Shackled
  2783 | D:2      | Reached XP level 4. HP: 28/32 MP: 3/8
  3326 | D:3      | Reached skill level 1 in Hexes
  3326 | D:3      | Reached skill level 1 in Summonings
  3326 | D:3      | Reached skill level 1 in Necromancy
  3326 | D:3      | Reached skill level 1 in Translocations
  3326 | D:3      | Reached skill level 1 in Fire Magic
  3326 | D:3      | Reached skill level 1 in Ice Magic
  3326 | D:3      | Reached skill level 1 in Air Magic
  3326 | D:3      | Reached skill level 1 in Earth Magic
  3326 | D:3      | Reached skill level 1 in Poison Magic
  3409 | D:3      | Noticed Robin
  3434 | D:3      | Killed Robin
  3851 | D:3      | Reached XP level 5. HP: 13/37 MP: 3/9
  4287 | D:3      | Reached * piety under Ashenzari
  4296 | D:3      | Noticed Terence
  4344 | D:3      | Killed Terence
  4588 | D:3      | Noticed Ijyb
  4660 | D:3      | Identified the cursed +0 scale mail "Overhang to
                  | Understand" {Cun, Melee}
  4660 | D:3      | Identified the cursed ring "Share My Regret" {Will+, Bglg,
                  | Comp} (You found it on level 3 of the Dungeon)
  4687 | D:3      | Noticed Jessica
  4704 | D:3      | Killed Jessica
  5101 | D:3      | Learned a level 3 spell: Dazzling Flash
  5288 | D:3      | Killed Ijyb
  5289 | D:3      | Reached XP level 6. HP: 29/44 MP: 3/11
  5717 | D:4      | Reached skill level 5 in Armour
  5992 | D:4      | Found a sacrificial altar of Ru.
  6341 | D:4      | Noticed Pikel
  6378 | D:4      | HP: 1/44 [Pikel/+1 whip of freezing (3)]
  6378 | D:4      | Slain by Pikel

Illustrated notes

Levels and vault maps discovered:
D:1:      scummos_arrival_forest, layout_rooms, serial_forest,
          infiniplex_forest_lined_ring, infiniplex_forest_side_room,
          infiniplex_forest_clump_medium, infiniplex_forest_corner_1,
          infiniplex_forest_corner_1, infiniplex_forest_straight_2,
          infiniplex_forest_lined_room_
D:2:      layout_loops_ring, ebering_ecumenical_altar_hall
D:3:      layout_basic, uniq_terence, uniq_jessica, uniq_ijyb, uniq_robin
D:4:      layout_basic, mainiacjoe_overflow_catwalk, serial_shops,
          nicolae_stop_n_shop_2, uniq_pikel

Skill      XL: |  1  2  3  4  5  6 |
---------------+-------------------+-----
Transmutations | 2 |  2.7
Invocations    | 1 2 |  2.2
Fighting       | 1 2 |  2.0
Short Blades   | 1 2 |  2.0
Long Blades    | 1 2 |  2.0
Axes           | 1 2 |  2.0
Maces & Flails | 1 2 |  2.0
Polearms       | 1 2 |  2.0
Staves         | 1 2 |  2.0
Ranged Weapons | 1 2 |  2.0
Throwing       | 1 2 |  2.0
Stealth        | 1 2 |  2.0
Shields        | 1 2 |  2.0
Unarmed Combat | 1 2 |  2.0
Spellcasting   | 3 |  3.5
Hexes          | 1 |  1.6
Summonings     | 1 |  1.6
Necromancy     | 1 |  1.6
Translocations | 1 |  1.6
Fire Magic     | 1 |  1.6
Ice Magic      | 1 |  1.6
Air Magic      | 1 |  1.6
Earth Magic    | 1 |  1.6
Poison Magic   | 1 |  1.6
Dodging        | 3 |  3.3
Evocations     | 3 |  3.3
Armour         | 5 |  5.0
Conjurations   | |  7.3

Action                   |  1- 3 |  4- 6 || total
-------------------------+-------+-------++-------
Melee: Dagger            |   129 |   113 ||   242
       Bite              |    16 |    34 ||    50
       Club              |     1 |       ||     1
       Punch             |     1 |     6 ||     7
       Short sword       |       |   221 ||   221
Throw: Stone             |       |     1 ||     1
       Dart              |       |     5 ||     5
 Cast: Magic Dart        |    58 |    72 ||   130
Invok: Curse Item        |     1 |     1 ||     2
       Shatter the Chain |       |     1 ||     1
  Use: Scroll            |     3 |     6 ||     9
       Potion            |     3 |     2 ||     5
Armor: Scale mail        |    89 |   152 ||   241
Dodge: Dodged            |    81 |   138 ||   219
